 Dungeon Crawl Stone Soup version 0.19.5 (webtiles) character file.

351 tof the Skirmisher (level 6, -5/53 HPs)
             Began as a Demonspawn Fighter on Mar 2, 2017.
             Slain by Pikel
             ... wielding a +0 whip of freezing
              (7 damage)
             ... on level 4 of the Dungeon.
             The game lasted 00:07:39 (3623 turns).

tof the Skirmisher (Demonspawn Fighter)             Turns: 3623, Time: 00:07:40

Health: -5/53      AC:  9    Str: 16    XL:     6   Next: 34%
Magic:  6/6        EV:  7    Int:  9    God:
Gold:   127        SH:  9    Dex: 17    Spells: 0 memorised, 5 levels left

rFire  . . .     SeeInvis +     a - +0 trident
rCold  . . .     Gourm    .     b - +0 scale mail
rNeg   . . .     Faith    .     c - +0 shield
rPois  .         Spirit   .     (no helmet)
rElec  .         Reflect  .     (no cloak)
rCorr  .         Harm     .     g - +0 pair of gloves
MR     +....                    q - +0 pair of boots
Stlth  +.........               (no amulet)
                                (no ring)
                                p - ring of see invisible

@: lethally poisoned (-5 -> -6)
A: thin skeletal structure 1, blurry vision 1, magic resistance 1, powered by
pain 2, robust 1, rot immunity
a: no special abilities


You were on level 4 of the Dungeon.
You were not hungry.

You visited 1 branch of the dungeon, and saw 4 of its levels.

You collected 127 gold pieces.

Inventory:

Hand Weapons
 a - a +0 trident (weapon)
Armour
 b - a +0 scale mail (worn)
 c - a +0 shield (worn)
 g - a +0 pair of gloves (worn)
 q - a +0 pair of boots (worn)
Jewellery
 p - a ring of see invisible (left hand)
Wands
 x - a wand of hasting (5/9)
Scrolls
 e - 2 scrolls of noise {unknown}
 i - 4 scrolls of identify {unknown}
 k - 2 scrolls of teleportation {unknown}
 o - a scroll of recharging {unknown}
 s - a scroll of remove curse {unknown}
 v - a scroll of fear {unknown}
Potions
 d - 3 potions of might
 h - a potion of mutation
 l - a potion of lignification {unknown}
 n - 2 potions of curing {unknown}
 r - 2 potions of flight {unknown}
 t - a potion of degeneration {unknown}
 w - a potion of agility {unknown}
Comestibles
 f - a bread ration
 j - a meat ration
 m - a beef jerky
 u - 6 chunks of flesh


   Skills:
 * Level 4.5 Fighting
 * Level 3.5 Polearms
 * Level 3.8 Armour
 + Level 1.4 Stealth
 + Level 3.5 Shields


You had 5 spell levels left.
You didn't know any spells.

Dungeon Overview and Level Annotations

Branches:
Dungeon (4/15)
 Temple: D:4-7

Altars:
Gozag

Annotations:
D:4 Pikel


Innate Abilities, Weirdness & Mutations

You have a somewhat thin skeletal structure. (Dex +2, Stealth)
You sometimes gain power by taking damage.
You are immune to rotting.
Scrolls take you a little longer to read.
You are resistant to hostile enchantments. (MR+)
You are robust. (+10% HP)


Message History

Pikel freezes you.
* * * LOW HITPOINT WARNING * * *
The slave hits you.
* * * LOW HITPOINT WARNING * * *
You block the slave's attack.
You hit Pikel.
Pikel is moderately wounded.
Pikel hits you but does no damage. You block the slave's attack. x2
You barely miss Pikel.
Pikel is moderately wounded.
You feel sick. You block Pikel's attack. The slave closely misses you.
The slave hits you but does no damage. You block Pikel's attack.
The slave hits you.
* * * LOW HITPOINT WARNING * * *
A slave comes into view.
It was a potion of mutation.
You feel extremely strange.
You feel resistant to hostile enchantments.
Your vision blurs.
You feel robust. The slave barely misses you.
Pikel hits you with a whip of freezing!
You die...

.........................
.....................#...
...###########...........
.....########)..........
.....##.......#......#.
.....##^....##.......#
.....##.....#........#
..#..##.....#.##pp...#
.........#.@#...#
..........#K##...#
#..........#p###p.#
...........#)>.>.##
###.........#p.##.#
..........###.#
........[.##..#
....!....###.## .#
>......K.###.##...#


You could see Pikel and 4 slaves.

Vanquished Creatures
  An ogre (D:4)
  An orc wizard (D:4)
  Jessica (D:3)
  Natasha (thrice) (D:3)
  7 adders
  4 worms
  A dart slug (D:1)
  3 leopard geckos
  5 orcs
  A ball python (D:2)
  2 giant cockroaches
  8 goblins
  7 hobgoblins
  5 jackals (D:3)
  6 kobolds
  6 bats
  3 frilled lizards
  9 rats
73 creatures vanquished.

Notes
Turn   | Place    | Note
-------+----------+-------------------------------------------
     0 | D:1      | tof the Demonspawn Fighter began the quest for the Orb.
     0 | D:1      | Reached XP level 1. HP: 18/18 MP: 1/1
   395 | D:1      | Gained mutation: You are immune to rotting. [demonic ancestry]
   395 | D:1      | Reached XP level 2. HP: 17/24 MP: 2/2
  1031 | D:2      | Gained mutation: You sometimes gain a little power by taking damage. [demonic ancestry]
  1031 | D:2      | Reached XP level 3. HP: 29/29 MP: 3/3
  1892 | D:3      | Reached XP level 4. HP: 24/37 MP: 4/4
  2099 | D:3      | Noticed Natasha
  2111 | D:3      | Killed Natasha
  2135 | D:3      | Noticed Natasha
  2144 | D:4      | Noticed an ogre
  2154 | D:3      | Killed Natasha
  2154 | D:3      | Reached skill level 4 in Fighting
  2154 | D:3      | Gained mutation: You have a somewhat thin skeletal structure. (Dex +2, Stealth) [demonic ancestry]
  2154 | D:3      | Reached XP level 5. HP: 17/42 MP: 5/5
  2429 | D:3      | Found a faded altar of an unknown god.
  2429 | D:3      | Found an opulent altar of Gozag.
  2438 | D:3      | Found a faded altar of an unknown god.
  2441 | D:3      | Found a faded altar of an unknown god.
  2443 | D:3      | Found a faded altar of an unknown god.
  2501 | D:3      | Noticed Natasha
  2510 | D:3      | Killed Natasha
  2577 | D:3      | Noticed Jessica
  2590 | D:3      | Killed Jessica
  2628 | D:3      | Reached skill level 1 in Stealth
  3428 | D:4      | Killed an ogre
  3428 | D:4      | Gained mutation: You sometimes gain power by taking damage. [demonic ancestry]
  3428 | D:4      | Reached XP level 6. HP: 25/49 MP: 6/6
  3580 | D:4      | Noticed a slave
  3582 | D:4      | Noticed Pikel
  3583 | D:4      | Noticed a slave
  3600 | D:4      | Noticed a slave
  3622 | D:4      | HP: 2/49 [slave[Pikel] (4)]
  3623 | D:4      | Noticed a slave
  3623 | D:4      | Gained mutation: You are resistant to hostile enchantments. (MR+) [potion of mutation]
  3623 | D:4      | Gained mutation: Scrolls take you a little longer to read. [potion of mutation]
  3623 | D:4      | Gained mutation: You are robust. (+10% HP) [potion of mutation]
  3623 | D:4      | Slain by Pikel

Skill      XL: |  1  2  3  4  5 |
---------------+----------------+-----
Polearms       | 2 3 |  3.5
Armour         | 3 |  3.8
Shields        | 3 |  3.5
Fighting       | 4 |  4.5
Stealth        | 1 |  1.4

Action                   |  1- 3 |  4- 6 || total
-------------------------+-------+-------++-------
Melee: Trident           |   158 |   166 ||   324
  Use: Potion            |       |     1 ||     1
 Stab: Sleeping          |       |     1 ||     1
       Distracted        |       |     1 ||     1
  Eat: Chunk             |     3 |     6 ||     9
Armor: Scale mail        |    62 |    68 ||   130
Dodge: Dodged            |    28 |    54 ||    82
Block: Shield            |    61 |    95 ||   156
